 Dungeon Crawl Stone Soup version 0.20-a0-443-g0464b71 (webtiles) character file.

129714 Kidiri the Eclecticist (level 16, -3/92 HPs)
             Began as a Deep Elf Fire Elementalist on Jan 2, 2017.
             Was the Champion of Vehumet.
             Slain by Mara
             ... wielding a +4 demon blade of pain
              (30 damage)
             ... on level 3 of the Swamp on Jan 6, 2017.
             The game lasted 02:10:24 (34273 turns).

Kidiri the Eclecticist (DEFE)                      Turns: 34273, Time: 02:10:24

Health: -3/92      AC: 18    Str:  5    XL:     16   Next: 51%
Magic:  9/47       EV: 19    Int: 39    God:    Vehumet [******]
Gold:   1341       SH: 11    Dex: 24    Spells: 2/48 levels left

rFire  . . .     SeeInvis +     Q - +9 trident "Oleleg" {flame, Int+6}
rCold  + . .     Gourm    .     K - +2 leather armour of Jath {Int+3}
rNeg   + . .     Faith    .     l - +1 shield {reflect}
rPois  .         Spirit   .     n - +0 hat {SInv}
rElec  +         Reflect  +     I - +2 cloak
rCorr  +         Harm     .     v - +2 pair of gloves "Meoxammu" {rElec rC+ MR- Dex+5}
MR     +++..     Clarity  +     P - +0 pair of boots "Hovuargh" {rCorr Int+2}
Stlth  ++........ Rnd*Tele +    s - amulet of the Four Winds {rN+ MR+++ Clar}
                                i - +4 ring of protection
                                V - ring of magical power

@: delayed fireball
A: claws 1, agile 2, teleportitis 1
a: Renounce Religion, Release Delayed Fireball


You were on level 3 of the Swamp.
You worshipped Vehumet.
Vehumet was exalted by your worship.
You were full.

You visited 5 branches of the dungeon, and saw 27 of its levels.
You also visited: Sewer, Bailey and Ice Cave.

You collected 2457 gold pieces.
You spent 1116 gold pieces at shops.

Inventory:

Hand Weapons
 Q - the +9 trident "Oleleg" (weapon) {flame, Int+6}
   (You found it on level 10 of the Dungeon)

   It has been specially enchanted to burn those struck by it, causing extra
   injury to most foes and up to half again as much damage against particularly
   susceptible opponents.
   It affects your intelligence (+6).
 X - a +8 rapier of holy wrath
Armour
 l - a +1 shield of reflection (worn)
 n - a +0 hat of see invisible (worn)
 v - the +2 pair of gloves "Meoxammu" (worn) {rElec rC+ MR- Dex+5}
   (You acquired it on level 1 of the Swamp)

   It affects your dexterity (+5).
   It protects you from cold.
   It insulates you from electricity.
   It affects your resistance to hostile enchantments.
 I - a +2 cloak (worn)
 K - the +2 leather armour of Jath (worn) {Int+3}
   (You found it in a bailey)

   It affects your intelligence (+3).
 P - the +0 pair of boots "Hovuargh" (worn) {rCorr Int+2}
   (You bought it in a shop on level 2 of the Orcish Mines)

   It affects your intelligence (+2).
   It protects you from acid and corrosion.
Jewellery
 h - an uncursed ring of poison resistance
 i - a +4 ring of protection (right hand)
 s - the amulet of the Four Winds (around neck) {rN+ MR+++ Clar}
   (You found it on level 1 of the Lair of Beasts)

   [amulet of nothing]

   It protects you from negative energy.
   It affects your resistance to hostile enchantments.
   It protects you against confusion.
 z - an uncursed ring of ice
 V - a ring of magical power (left hand)
Wands
 a - a wand of random effects (16/48)
 d - a wand of confusion (21/48)
 y - a wand of iceblast (7/15)
 D - a wand of random effects (16/48)
 E - a wand of polymorph (13/24)
 F - a wand of flame (8/48)
 N - a wand of disintegration (9/24)
 O - a wand of acid (4/15)
 R - a wand of scattershot (4/9)
Scrolls
 r - 10 scrolls of teleportation
 u - 6 scrolls of remove curse
 A - 3 scrolls of fog
 G - 3 scrolls of fear
 H - a scroll of amnesia
 M - a scroll of summoning
 U - 2 scrolls of magic mapping
Potions
 b - 2 potions of flight
 e - 4 potions of brilliance
 f - 10 potions of haste
 g - 4 potions of agility
 m - 12 potions of curing
 o - 6 potions of lignification
 q - 2 potions of heal wounds
 L - 2 potions of invisibility
 T - a potion of cancellation
 W - a potion of resistance
Comestibles
 c - 11 bread rations
 j - 11 meat rations
 k - 2 royal jellies
 x - a fruit


   Skills:
 + Level 7.2 Fighting
 - Level 8.8 Short Blades
 + Level 7.5 Armour
 - Level 10.7 Dodging
 - Level 2.4 Stealth
 + Level 6.7 Shields
 * Level 16.7 Spellcasting
 + Level 10.2 Conjurations
 + Level 10.2 Fire Magic
 + Level 8.6 Ice Magic
 + Level 7.6 Air Magic
 + Level 7.5 Earth Magic
 + Level 9.4 Evocations


You had 2 spell levels left.
You knew the following spells:

 Your Spells              Type           Power        Failure   Level  Hunger
a - Flame Tongue          Conj/Fire      #####        1%          1    None
b - Throw Flame           Conj/Fire      ######       1%          2    None
c - Conjure Flame         Conj/Fire      #######.     1%          3    None
d - Inner Flame           Hex/Fire       ######..     1%          3    None
e - Sticky Flame          Conj/Fire      #######.     1%          4    None
f - Fireball              Conj/Fire      #######...   1%          5    None
g - Bolt of Fire          Conj/Fire      #######...   3%          6    None
h - Delayed Fireball      Conj/Fire      N/A          22%         7    ##.....
i - Throw Frost           Conj/Ice       ######       1%          2    None
j - Airstrike             Air            #######...   1%          4    None
k - Lightning Bolt        Conj/Air       #######...   1%          5    None
l - Stone Arrow           Conj/Erth      ######       1%          3    None
m - Iron Shot             Conj/Erth      #######...   4%          6    None


Dungeon Overview and Level Annotations

Branches:
Dungeon (15/15)            Temple (1/1) D:5            Lair (6/6) D:9
  Swamp (3/4) Lair:4       Spider (0/4) Lair:4        Slime (0/5) Lair:5
    Orc (2/2) D:11            Elf (0/3) Orc:2        Vaults (0/5) D:13
 Depths (0/5) D:15

Altars:
Ashenzari
Cheibriados
Dithmenos
Elyvilon
Fedhas
Gozag
Hepliaklqana
Kikubaaqudgha
Makhleb
Nemelex Xobeh
Okawaru
Qazlal
Ru
Sif Muna
Trog
Uskayaw
Vehumet
Xom
Yredelemnul
Zin
The Shining One
Beogh
Jiyva

Shops:
D:4 [   D:5 %   D:11 *   D:14 ?   D:15 [   Orc:1 *   Orc:2 [!![

Annotations:
Swamp:3 Mara


Innate Abilities, Weirdness & Mutations

You have sharp fingernails.
You are very agile. (Dex +4)
You are occasionally teleported next to monsters.


Message History

You block Mara's attack.
You see here a lajatang.
Unknown command.
Unknown command.
Mara says, "Thou art lean, ill-favoured, death is in thy neighbourhood!"
Mara blinks!
Unknown command.
Casting: Bolt of Fire
Confirm with . or Enter, or press ? or * to list all spells.
Aiming: Sticky Flame
Press: ? - help, Shift-Dir - straight line, f - Mara, p - Mara
Aim: Mara, wielding a demon blade of pain and wearing a robe (almost dead)
The sticky flame hits Mara.
Mara resists.
Mara is almost dead.
Mara is covered in liquid flames!
Mara says, "I mislead the hearts of men!"
Mara gestures at you. The bolt of fire misses you.
Mara hits you with a demon blade of pain!!
You die...

≈♣.♣..≈..#........# #...≈....
≈.≈♣.≈.≈.......♣..###..≈§≈.≈.
≈≈..≈...........♣......≈≈≈...
♣......≈...#...≈≈......≈..≈..
♣♣≈..♣.....#.≈...≈......≈≈...
♣.≈.≈....#.#.§§.§..#.#.≈.≈.≈.
≈..≈.≈........♣..≈..##.≈.}...
..≈♣≈.≈≈≈...♣♣♣♣.R≈.........♣
≈.≈.........♣.§R@.§....≈....♣
♣[≈.≈.≈.§...@.R§≈≈§.♣.♣.≈≈.♣♣
..≈......≈?...≈.§§§.≈♣♣.≈.≈.
♣≈♣♣.♣♣≈♣♣..♣♣♣.♣.♣≈♣♣ ♣≈♣ ♣♣
♣♣♣♣♣♣♣≈♣♣ ♣♣♣♣♣♣♣ ♣ ♣♣♣


You could see 3 Maras and Kidiri's illusion.

Vanquished Creatures
  Rupert (D:12)
  Frances (D:13)
  Gastronok (D:11)
  Agnes (D:15)
  Kirke (Swamp:1)
  Azrael (Orc:1)
  5 dire elephants (Lair:6)
  Snorg (D:13)
  Josephine (Orc:2)
  5 ogre magi
  Erolcha (D:13)
  7 hydras
  An anaconda (Lair:6)
  A ghost crab (Swamp:1)
  2 centaur warriors (D:15)
  Erica (D:11)
  2 dancing weapons
  5 alligators
  23 two-headed ogres
  A tengu warrior (D:14)
  Urug (Orc:2)
  An orc high priest (Bailey)
  3 unseen horrors
  A fire crab (Lair:6)
  A glowing orange brain (D:15)
  A swamp dragon (Swamp:1)
  4 orc knights
  A shambling mangrove (Swamp:3)
  A manticore (D:11)
  An orc sorcerer (Orc:2)
  3 deep elf magi
  5 ugly things
  5 oklob plants
  3 cyclopes
  Maurice (D:9)
  4 black mambas
  3 centaur zombies
  14 elephants (Lair:6)
  An elephant (shapeshifter) (D:15)
  A black mamba (shapeshifter) (D:15)
  3 gargoyles
  15 spiny frogs
  A centaur skeleton (D:14)
  4 komodo dragons
  A kobold demonologist (Bailey)
  6 rime drakes
  A rime drake (shapeshifter) (D:15)
  A harpy zombie (D:15)
  A queen bee (D:8)
  6 trolls
  3 meliai (D:14)
  A tengu conjurer (D:15)
  A meliai (shapeshifter) (D:15)
  9 hornets
  A polar bear (Lair:4)
  30 slime creatures
  2 tyrant leeches
  13 blink frogs
  7 hippogriffs
  2 raiju (shapeshifter)
  Grinder (D:5)
  6 bog bodies
  Sigmund (D:5)
  A shadow (Swamp:2)
  44 yaks
  2 wyverns
  8 spriggans
  6 wraiths
  4 fire elementals
  Eustachio (D:5)
  5 basilisks
  2 hogs (Swamp:1)
  A hungry ghost (D:15)
  23 swamp worms
  18 vampire mosquitoes
  6 insubstantial wisps
  3 wargs
  2 acid dragons
  14 water moccasins
  A soldier ant (D:14)
  4 hell hounds
  5 ice beasts
  24 orc warriors
  A swamp drake (Swamp:1)
  9 porcupines
  An eye of draining (D:11)
  2 black bears
  A hornet zombie (D:15)
  7 phantoms
  4 sky beasts
  A necrophage (D:7)
  An eye of draining (shapeshifter) (D:15)
  7 wolves (Lair:4)
  32 ogres
  13 centaurs
  12 crocodiles
  3 big kobolds
  17 bullfrogs
  A wyvern zombie (D:8)
  A gnoll sergeant (D:9)
  3 scorpions
  21 killer bees
  10 wights
  6 electric eels
  6 howler monkeys
  9 crimson imps
  A bullfrog zombie (D:5)
  A gnoll shaman (Orc:1)
  10 hounds
  5 jellies
  7 orc priests
  19 orc wizards
  Crazy Yiuf (D:5)
  2 bullfrog skeletons
  10 worker ants
  An iguana (D:11)
  A killer bee zombie (D:9)
  3 hound skeletons
  A howler monkey skeleton (D:9)
  19 gnolls
  15 adders
  4 river rats (Sewer)
  5 shadow imps
  4 oozes
  An adder skeleton (D:5)
  6 worms
  9 leopard geckos
  75 orcs
  4 ball pythons
  4 giant cockroaches
  14 goblins
  10 hobgoblins
  12 jackals
  3 quokkas
  7 bats
  7 frilled lizards
  A jackal zombie (D:5)
  22 kobolds
  A quokka skeleton (D:4)
  15 rats
  A spectral orc (D:9)
  9 plants
885 creatures vanquished.

Vanquished Creatures (others)
  A deep elf mage (D:15)
  A human (Swamp:1)
  A crimson imp (D:15)
  A gnoll (Bailey)
  22 fungi
  7 plants
33 creatures vanquished.

Grand Total: 918 creatures vanquished

Notes
Turn   | Place    | Note
-------+----------+-------------------------------------------
     0 | D:1      | Kidiri the Deep Elf Fire Elementalist began the quest for the Orb.
     0 | D:1      | Reached XP level 1. HP: 10/10 MP: 6/6
    61 | D:1      | Upgraded the game from 0.20-a0-432-g25cc1b4 to 0.20-a0-443-g0464b71
   139 | D:1      | Reached XP level 2. HP: 15/15 MP: 8/8
   143 | D:1      | Learned a level 2 spell: Throw Flame
   783 | D:2      | Reached XP level 3. HP: 19/19 MP: 3/10
   866 | D:2      | Learned a level 3 spell: Conjure Flame
   870 | D:2      | Learned a level 3 spell: Inner Flame
   959 | D:2      | Found a hide-covered altar of Uskayaw.
  1112 | D:2      | Reached skill level 4 in Spellcasting
  1446 | D:3      | Noticed a scorpion
  1454 | D:3      | Killed a scorpion
  1454 | D:3      | Reached XP level 4. HP: 24/24 MP: 0/12
  1545 | D:3      | Found a glowing drain.
  1551 | D:3      | Reached skill level 5 in Spellcasting
  1578 | D:3      | Found a shattered altar of Ashenzari.
  1643 | Sewer    | Entered a sewer
  1717 | Sewer    | Reached XP level 5. HP: 26/28 MP: 7/14
  1723 | Sewer    | Learned a level 4 spell: Sticky Flame
  2464 | D:3      | Reached skill level 6 in Spellcasting
  2691 | D:3      | Found a snail-covered altar of Cheibriados.
  3151 | D:4      | Reached XP level 6. HP: 32/32 MP: 10/17
  3218 | D:4      | Found a burning altar of Makhleb.
  3241 | D:4      | Reached skill level 5 in Fire Magic
  3253 | D:4      | Found Lyrchaur's Antique Armour Boutique.
  3258 | D:4      | Reached skill level 7 in Spellcasting
  3266 | D:4      | Noticed an ice beast
  3348 | D:4      | Killed an ice beast
  3348 | D:4      | Reached XP level 7. HP: 33/36 MP: 0/20
  3355 | D:4      | Learned a level 5 spell: Fireball
  3648 | D:4      | Found a blossoming altar of Fedhas.
  3895 | D:5      | Entered Level 5 of the Dungeon
  4006 | D:5      | Found a sacrificial altar of Ru.
  4021 | D:5      | Noticed Sigmund
  4028 | D:5      | Killed Sigmund
  4028 | D:5      | Reached skill level 1 in Short Blades
  4028 | D:5      | Reached skill level 8 in Spellcasting
  4138 | D:5      | Reached skill level 1 in Fighting
  4138 | D:5      | Reached skill level 1 in Armour
  4348 | D:5      | Found a radiant altar of Vehumet.
  4359 | D:5      | Became a worshipper of Vehumet
  4388 | D:5      | Found Pefydoam's Food Boutique.
  4414 | D:5      | Found a staircase to the Ecumenical Temple.
  4472 | D:5      | Reached XP level 8. HP: 43/43 MP: 14/22
  4511 | Temple   | Entered the Ecumenical Temple
  4848 | D:5      | Noticed Eustachio
  4876 | D:5      | Killed Eustachio
  4961 | D:5      | Found a hazy altar of Hepliaklqana.
  5118 | D:5      | Found a runed door.
  5185 | D:5      | Noticed Grinder
  5190 | D:5      | Killed Grinder
  5190 | D:5      | Reached skill level 9 in Spellcasting
  5373 | D:5      | Noticed Crazy Yiuf
  5377 | D:5      | Killed Crazy Yiuf
  5377 | D:5      | Reached skill level 1 in Evocations
  5658 | D:5      | Reached skill level 5 in Conjurations
  5809 | D:6      | Gained mutation: You evolve. [potion of beneficial mutation]
  6061 | D:6      | Found a sparkling altar of Nemelex Xobeh.
  6149 | D:6      | Reached * piety under Vehumet
  6149 | D:6      | Offered knowledge of Magic Dart by Vehumet.
  6158 | D:6      | Gained mutation: Your mind is acute. (Int +2) [evolution]
  6246 | D:6      | Found an iron altar of Okawaru.
  6315 | D:6      | Reached XP level 9. HP: 48/48 MP: 21/24
  6890 | D:7      | Reached skill level 10 in Spellcasting
  7491 | D:7      | Found a shadowy altar of Dithmenos.
  7496 | D:7      | Reached skill level 5 in Dodging
  7891 | D:8      | Noticed a queen bee
  7970 | D:8      | Killed a queen bee
  8274 | D:8      | Reached ** piety under Vehumet
  8274 | D:8      | Reached XP level 10. HP: 55/55 MP: 15/26
  8400 | D:8      | Offered knowledge of Throw Frost by Vehumet.
  8404 | D:8      | Learned a level 2 spell: Throw Frost
  8538 | D:8      | Found a shimmering altar of Xom.
  8538 | D:8      | Noticed an oklob plant
  8896 | D:8      | Gained mutation: You are agile. (Dex +2) [evolution]
  9025 | D:8      | Killed an oklob plant
  9216 | D:8      | Reached skill level 11 in Spellcasting
  9459 | D:9      | Found a basalt altar of Yredelemnul.
  9489 | D:9      | Reached skill level 1 in Ice Magic
  9525 | D:9      | Reached skill level 1 in Shields
  9867 | D:9      | Offered knowledge of Searing Ray by Vehumet.
  9986 | D:9      | Found a staircase to the Lair.
 10094 | D:9      | Found a stormy altar of Qazlal.
 10121 | D:9      | Noticed Maurice
 10125 | D:9      | Reached *** piety under Vehumet
 10143 | D:9      | Killed Maurice
 10237 | D:9      | Reached skill level 5 in Short Blades
 10376 | D:9      | Found a sacrificial altar of Ru.
 10544 | D:10     | Entered Level 10 of the Dungeon
 10566 | D:10     | Found a flagged portal.
 10583 | D:10     | Offered knowledge of Dazzling Spray by Vehumet.
 10586 | Bailey   | Entered a bailey
 10717 | Bailey   | Lost mutation: You are agile. (Dex +2) [evolution]
 10771 | Bailey   | Found an iron altar of Okawaru.
 10771 | Bailey   | Noticed an orc high priest
 10790 | Bailey   | Reached XP level 11. HP: 60/60 MP: 14/28
 10791 | Bailey   | Killed an orc high priest
 11199 | Bailey   | Reached **** piety under Vehumet
 11318 | Bailey   | Reached skill level 12 in Spellcasting
 11424 | Bailey   | Got a brightly glowing leather armour
 11435 | Bailey   | Identified the +2 leather armour of Jath {Int+3} (You found it in a bailey)
 11578 | Bailey   | Identified the Grimoire of Unstable Combat Magic (You acquired it in a bailey)
 11584 | Bailey   | Learned a level 3 spell: Stone Arrow
 11591 | Bailey   | Learned a level 6 spell: Bolt of Fire
 11739 | D:10     | Offered knowledge of Airstrike by Vehumet.
 11745 | D:10     | Learned a level 4 spell: Airstrike
 12008 | D:10     | Noticed a two-headed ogre
 12017 | D:10     | Killed a two-headed ogre
 12029 | D:10     | Gained mutation: You have sharp fingernails. [mutagenic meat]
 12030 | D:10     | Gained mutation: Your spells are a little easier to cast, but a little less powerful. [mutagenic meat]
 12031 | D:10     | Gained mutation: You are robust. (+10% HP) [mutagenic meat]
 12032 | D:10     | Gained mutation: You occasionally shout uncontrollably at your foes. [mutagenic meat]
 12065 | D:10     | Reached skill level 1 in Air Magic
 12070 | D:10     | Gained mutation: You tend to lose your temper in combat. [mutagenic meat]
 12072 | D:10     | Gained mutation: You often lose your temper in combat. [mutagenic meat]
 12073 | D:10     | Gained mutation: Your magical capacity is low. (-10% MP) [mutagenic meat]
 12074 | D:10     | Gained mutation: You are agile. (Dex +2) [mutagenic meat]
 12075 | D:10     | Lost mutation: You evolve. [mutagenic meat]
 12165 | D:10     | Got a steaming trident
 12166 | D:10     | Identified the +9 trident "Oleleg" {flame, Int+6} (You found it on level 10 of the Dungeon)
 12231 | D:10     | Found a shadowy altar of Dithmenos.
 12356 | Lair:1   | Entered Level 1 of the Lair of Beasts
 12380 | Lair:1   | Reached skill level 1 in Earth Magic
 12402 | Lair:1   | Reached skill level 5 in Evocations
 12641 | Lair:1   | Noticed an oklob plant
 12641 | Lair:1   | Noticed an oklob plant
 13222 | Lair:1   | Killed an oklob plant
 13223 | Lair:1   | Killed an oklob plant
 13391 | Lair:1   | Noticed an oklob plant
 13391 | Lair:1   | Noticed an oklob plant
 13397 | Lair:1   | Killed an oklob plant
 13512 | Lair:1   | Killed an oklob plant
 13731 | Lair:2   | Reached XP level 12. HP: 73/73 MP: 15/27
 14350 | Lair:2   | Got a wavering marble ring
 14352 | Lair:2   | Identified the ring of Isounosu {rN+++ Int-5 Dex+5 Stlth-} (You found it on level 2 of the Lair of Beasts)
 14510 | Lair:2   | Reached skill level 13 in Spellcasting
 16081 | Lair:4   | Found a hole to the Spider Nest.
 16147 | Lair:4   | Reached ***** piety under Vehumet
 16495 | Lair:4   | Offered knowledge of Bolt of Draining by Vehumet.
 16648 | Lair:4   | Reached skill level 5 in Fighting
 17025 | Lair:4   | Found a staircase to the Swamp.
 17033 | Lair:4   | Reached skill level 5 in Ice Magic
 17320 | Lair:4   | Reached skill level 5 in Armour
 17567 | Lair:5   | Reached XP level 13. HP: 75/79 MP: 19/29
 17681 | Lair:5   | Found a frozen archway.
 17694 | IceCv    | Entered an ice cave
 17694 | IceCv    | Noticed dorian's ghost (adept HOAK)
 18084 | Lair:5   | Found a viscous altar of Jiyva.
 18085 | Lair:5   | Found a staircase to the Slime Pits.
 18604 | Lair:6   | Entered Level 6 of the Lair of Beasts
 19248 | Lair:6   | Reached skill level 14 in Spellcasting
 19604 | Lair:6   | Lost mutation: Your magical capacity is low. (-10% MP) [potion of mutation]
 19604 | Lair:6   | Gained mutation: Your flesh is cold resistant. (rC+) [potion of mutation]
 19604 | Lair:6   | Gained mutation: Armour fits poorly on your strangely shaped body. [potion of mutation]
 19605 | Lair:6   | Lost mutation: Your mind is acute. (Int +2) [potion of mutation]
 19605 | Lair:6   | Lost mutation: You often lose your temper in combat. [potion of mutation]
 19606 | Lair:6   | Gained mutation: You are very agile. (Dex +4) [potion of mutation]
 20305 | Lair:6   | Noticed a dire elephant
 20400 | Lair:6   | Killed a dire elephant
 20754 | Lair:6   | Noticed a dire elephant
 20754 | Lair:6   | Noticed a dire elephant
 20762 | Lair:6   | Killed a dire elephant
 20762 | Lair:6   | Reached skill level 5 in Air Magic
 20767 | Lair:6   | Killed a dire elephant
 20833 | Lair:6   | Noticed a dire elephant
 20838 | Lair:6   | Killed a dire elephant
 21278 | Lair:6   | Noticed a dire elephant
 21288 | Lair:6   | Killed a dire elephant
 21341 | Lair:6   | Reached XP level 14. HP: 64/86 MP: 5/34
 21570 | Lair:6   | Reached skill level 5 in Earth Magic
 22001 | D:11     | Found a staircase to the Orcish Mines.
 22053 | D:11     | Found Jefin's General Store.
 22245 | D:11     | Noticed Erica
 22247 | D:11     | Killed Erica
 22247 | D:11     | Offered knowledge of Lightning Bolt by Vehumet.
 22257 | D:11     | Learned a level 5 spell: Lightning Bolt
 22351 | D:11     | Noticed Gastronok
 22393 | D:11     | Killed Gastronok
 22393 | D:11     | Reached skill level 5 in Shields
 23004 | D:12     | Noticed Rupert
 23010 | D:12     | Killed Rupert
 23010 | D:12     | Reached skill level 15 in Spellcasting
 23335 | D:12     | Gained mutation: Your natural rate of healing is unusually fast. [potion of mutation]
 23335 | D:12     | Lost mutation: You occasionally shout uncontrollably at your foes. [potion of mutation]
 23505 | Orc:1    | Entered Level 1 of the Orcish Mines
 23791 | Orc:1    | Found Hirgh's General Store.
 23902 | Orc:1    | Bought a scroll of enchant armour for 97 gold pieces
 23902 | Orc:1    | Bought a potion of heal wounds for 65 gold pieces
 23902 | Orc:1    | Bought a potion of magic for 104 gold pieces
 23902 | Orc:1    | Bought a scroll of enchant armour for 97 gold pieces
 23902 | Orc:1    | Bought a scroll of teleportation for 39 gold pieces
 23929 | Orc:2    | Entered Level 2 of the Orcish Mines
 24234 | Orc:2    | Noticed Azrael
 24609 | Orc:1    | Killed Azrael
 24847 | Orc:1    | Noticed Urug
 25101 | Orc:2    | Offered knowledge of Delayed Fireball by Vehumet.
 25112 | Orc:2    | Found Cecoikoask's Distillery.
 25112 | Orc:2    | Found Veok Anka's Antique Armour Emporium.
 25112 | Orc:2    | Found Gaitry Tank's Antique Armour Shoppe.
 25112 | Orc:2    | Found Ifaukkeb's Distillery.
 25163 | Orc:2    | Learned a level 7 spell: Delayed Fireball
 25519 | Orc:2    | Noticed Josephine
 25527 | Orc:2    | Killed Josephine
 25555 | Orc:2    | Reached XP level 15. HP: 92/92 MP: 12/36
 25640 | Orc:2    | Bought a pair of translucent boots for 266 gold pieces
 25640 | Orc:2    | Bought a transparent leather armour for 196 gold pieces
 25642 | Orc:2    | Bought a glowing large shield for 252 gold pieces
 25652 | Orc:2    | Identified the +0 pair of boots "Hovuargh" {rCorr Int+2} (You bought it in a shop on level 2 of the Orcish Mines)
 25662 | Orc:2    | Identified the +3 leather armour of Fedhas's Castigation {rN+ rCorr Dex+5} (You bought it in a shop on level 2 of the Orcish Mines)
 25677 | Orc:2    | Reached skill level 10 in Dodging
 25952 | Orc:2    | Found a staircase to the Elven Halls.
 26089 | Orc:2    | Killed Urug
 26231 | Orc:1    | Found a roughly hewn altar of Beogh.
 26606 | D:13     | Noticed Snorg
 26613 | D:13     | Killed Snorg
 26633 | D:13     | Noticed Frances
 27072 | D:13     | Killed Frances
 27288 | D:13     | Found a gate to the Vaults.
 27311 | D:13     | Lost mutation: Your flesh is cold resistant. (rC+) [mutagenic meat]
 27541 | D:13     | Noticed Erolcha
 27548 | D:13     | Killed Erolcha
 28106 | D:14     | Found a shimmering altar of Xom.
 28358 | D:14     | Offered knowledge of Iron Shot by Vehumet.
 28359 | D:14     | Found Zuudwinn's Magic Scroll Shop.
 28488 | D:15     | Entered Level 15 of the Dungeon
 28531 | D:15     | Found Ythastris's Armour Boutique.
 28589 | D:15     | Gained mutation: Your body sometimes deteriorates upon taking damage. [mutagenic meat]
 28855 | D:15     | Reached skill level 16 in Spellcasting
 29089 | D:14     | Learned a level 6 spell: Iron Shot
 29145 | D:15     | Noticed Agnes
 29154 | D:15     | Killed Agnes
 29201 | D:15     | Reached skill level 10 in Fire Magic
 29737 | D:15     | Gained mutation: You are occasionally teleported next to monsters. [mutagenic meat]
 29738 | D:15     | Lost mutation: Armour fits poorly on your strangely shaped body. [mutagenic meat]
 29739 | D:15     | Gained mutation: Your muscles are strong. (Str +2) [mutagenic meat]
 29805 | D:15     | Found a staircase to the Depths.
 29939 | D:15     | Gained mutation: Your body often deteriorates upon taking damage. [mutagenic meat]
 30421 | Swamp:1  | Entered Level 1 of the Swamp
 30611 | Lair:4   | Offered knowledge of Spellforged Servitor by Vehumet.
 30773 | Swamp:1  | Reached XP level 16. HP: 82/99 MP: 38/38
 31525 | Swamp:1  | Got a pair of spiked gloves
 31536 | Swamp:1  | Identified the +2 pair of gloves "Meoxammu" {rElec rC+ MR- Dex+5} (You acquired it on level 1 of the Swamp)
 31636 | Swamp:1  | Noticed Kirke
 31643 | Swamp:1  | Killed Kirke
 31989 | Swamp:1  | Reached skill level 10 in Conjurations
 32534 | Lair:1   | Lost mutation: You tend to lose your temper in combat. [potion of cure mutation]
 32534 | Lair:1   | Lost mutation: Your body often deteriorates upon taking damage. [potion of cure mutation]
 32534 | Lair:1   | Lost mutation: Your body sometimes deteriorates upon taking damage. [potion of cure mutation]
 32534 | Lair:1   | Lost mutation: Your muscles are strong. (Str +2) [potion of cure mutation]
 32535 | Lair:1   | Lost mutation: Your spells are a little easier to cast, but a little less powerful. [potion of cure mutation]
 32535 | Lair:1   | Lost mutation: Your natural rate of healing is unusually fast. [potion of cure mutation]
 32535 | Lair:1   | Lost mutation: You are robust. (+10% HP) [potion of cure mutation]
 33628 | Swamp:2  | Reached ****** piety under Vehumet
 33916 | Swamp:3  | Noticed Mara
 33923 | Swamp:3  | Noticed Kidiri's illusion
 34257 | Swamp:3  | Noticed Kidiri's illusion
 34273 | Swamp:3  | Slain by Mara

Vault maps used:
D:1:      onia_arrival_handbag, grunt_decor_arrowhead
D:2:      old_standard_altar, minmay_pentomino_o2
D:3:      overflow_temple_1_default, ashenzari_altar_1, portal_sewer_entry_f
D:4:      fedhas_altar_fruit_tree, lemuel_doored_altar, serial_shops, shop,
          first_bread, kennysheep_generic_room_11
D:5:      lemuel_coloured_pillars_altar, serial_shops, shop, basic_altar,
          nicolae_ru_sacrificial_ziggurat, uniq_sigmund, uniq_eustachio,
          uniq_crazy_yiuf_cottage, uniq_grinder
D:6:      okawaru_gym_becter, roderic_chinese_pattern_swastika,
          nemelex_xobeh_ov_fountains_minmay
D:7:      overflow_temple_1_default, corner_web_ring
D:8:      david_nohive_1, hex_large, lemuel_oklob_altar
D:9:      nicolae_overflow_crystal_walls, yredelemnul_forgotten_temple_becter,
          lemuel_crystal_altar, minmay_lair_entry_lava, uniq_maurice
D:10:     enter_bailey_2, serial_park_tiny_2, grunt_dithmenos_shadows
D:11:     david_orc_2, serial_shops, shop, uniq_erica, uniq_gastronok
D:12:     uniq_rupert
D:13:     nicolae_whirlpool, erik_vaults_1, uniq_snorg, uniq_erolcha,
          uniq_frances
D:14:     lemuel_statue_altar, serial_shops, shop
D:15:     gammafunk_enter_depths_forms, minmay_misc_feat_doors, serial_shops,
          shop, uniq_agnes
Temple:   chequers_temple_sunken
Lair:1:   serial_bayou_pond_c, minmay_lair_oklob_chamber, grunt_megastairs_1
Lair:2:   grunt_megastairs_4, infiniplex_staircase_pool
Lair:4:   minmay_swamp_entry_worms, spider_nest_entry_web_field,
          forest_entry_grove, infiniplex_staircase_pool_2
Lair:5:   slime_altar_1, portal_ice_cave_rime
Lair:6:   due_jungle_book, minivault_27, lemuel_fruit_tree
Swamp:1:  nicolae_swamp_trees_clearing, swamp_pool3, uniq_kirke
Swamp:2:  nicolae_swamp_round_clearing
Swamp:3:  evilmike_swamp_ruin_rubble_2, uniq_mara
Orc:1:    serial_shops, nicolae_shop_behind_doors, basic_altar, uniq_urug
Orc:2:    st_orc_ogre_mass, uniq_josephine, uniq_azrael
Sewer:    sewer_co_cracked_pipes
Bailey:   bailey_axe_of_yendor_kennysheep, bailey
IceCv:    ice_cave_tombish

Skill      XL: |  1  2  3  4  5  6  7  8  9 10 11 12 13 14 15 16 |
---------------+-------------------------------------------------+-----
Conjurations   | 2 3 4 5 6 7 8 9 10 | 10.2
Spellcasting   | 4 5 6 7 8 9 10 11 12 13 14 15 16 | 16.7
Fire Magic     | 4 5 6 7 8 9 10 | 10.2
Short Blades   | 1 2 4 5 6 7 8 |  8.8
Fighting       | 1 2 3 4 5 6 7 |  7.2
Armour         | 1 2 3 4 5 6 7 |  7.5
Dodging        | 3 4 5 6 7 8 9 10 | 10.7
Evocations     | 1 3 4 5 6 7 8 9 |  9.4
Ice Magic      | 3 4 5 6 7 8 |  8.6
Shields        | 1 3 4 5 6 |  6.7
Air Magic      | 2 3 5 6 7 |  7.6
Earth Magic    | 2 4 6 7 |  7.5
Stealth        | |  2.4

Action                   |  1- 3 |  4- 6 |  7- 9 | 10-12 | 13-15 | 16-18 || total
-------------------------+-------+-------+-------+-------+-------+-------++-------
Melee: Dagger            |     8 |    18 |     3 |    50 |       |       ||    79
       Rapier            |       |       |   143 |    20 |       |       ||   163
       Spear             |       |       |    13 |       |       |       ||    13
       Trident           |       |       |       |   127 |   387 |    30 ||   544
 Cast: Flame Tongue      |    48 |    91 |   196 |   278 |   145 |     5 ||   763
       Throw Flame       |     6 |    21 |    10 |    42 |    13 |     1 ||    93
       Conjure Flame     |     1 |     2 |     7 |     7 |     4 |       ||    21
       Sticky Flame      |       |     4 |    21 |    83 |    80 |    19 ||   207
       Inner Flame       |       |     2 |     6 |     5 |     5 |       ||    18
       Fireball          |       |       |       |    33 |    30 |    20 ||    83
       Throw Frost       |       |       |       |     9 |     1 |       ||    10
       Bolt of Fire      |       |       |       |    23 |   236 |    77 ||   336
       Stone Arrow       |       |       |       |       |    27 |       ||    27
       Airstrike         |       |       |       |       |    13 |       ||    13
       Lightning Bolt    |       |       |       |       |    30 |       ||    30
       Delayed Fireball  |       |       |       |       |     1 |       ||     1
       Iron Shot         |       |       |       |       |    15 |    28 ||    43
Evoke: Wand              |       |       |     2 |       |     5 |       ||     7
  Use: Scroll            |     5 |     1 |    17 |    14 |    19 |     6 ||    62
       Potion            |       |       |     1 |     3 |    22 |     4 ||    30
 Stab: Sleeping          |     5 |     9 |     4 |     5 |     3 |       ||    26
       Distracted        |       |       |       |       |     2 |       ||     2
  Eat: Chunk             |     2 |     6 |     8 |    30 |    41 |     6 ||    93
       Fruit             |       |       |     4 |     3 |     8 |       ||    15
       Bread ration      |       |       |     1 |       |       |       ||     1
       Beef jerky        |       |       |       |     4 |     3 |       ||     7
       Pizza             |       |       |       |     2 |       |       ||     2
       Royal jelly       |       |       |       |       |     4 |     5 ||     9
Armor: Robe              |     5 |    17 |    80 |    31 |       |       ||   133
       Leather armour    |       |       |       |    55 |   161 |    18 ||   234
Dodge: Dodged            |    17 |    34 |   180 |   225 |   523 |    52 ||  1031
Block: Buckler           |       |       |       |    76 |   229 |       ||   305
       Shield            |       |       |       |       |    45 |    43 ||    88
       Reflection        |       |       |       |       |     2 |       ||     2
